 Dungeon Crawl Stone Soup version 0.17.0 (webtiles) character file.

1825 Svalin the Cleaver (level 9, -1/81 HPs)
             Began as a Hill Orc Fighter on Nov 18, 2015.
             Slain by a skeletal warrior
             ... wielding a +0 war axe
              (15 damage)
             ... on level 5 of the Dungeon.
             The game lasted 00:22:36 (6949 turns).

Svalin the Cleaver (Hill Orc Fighter)               Turns: 6949, Time: 00:22:36

Health: -1/81      AC:  9    Str: 20    XL:     9   Next: 11%
Magic:  10/10      EV:  9    Int:  8    God:
Gold:   292        SH:  0    Dex: 12    Spells: 0 memorised, 8 levels left

rFire  . . .     SeeInvis +     a - +1 war axe
rCold  . . .     Clarity  +     b - +0 scale mail
rNeg   . . .     SustAt   .     (no shield)
rPois  .         Gourm    .     o - +1 helmet {SInv}
rElec  .         Spirit   .     (no cloak)
rCorr  .         Warding  .     (no gloves)
rMut   .         Stasis   .     (no boots)
MR     .....                    G - amulet of clarity
Stlth  ..........               (no ring)
                                g - ring of flight

@: not resistant to hostile enchantments, extremely unstealthy
A: no striking features
a: Evoke Flight


You were on level 5 of the Dungeon.
You were not hungry.

You visited 1 branch of the dungeon, and saw 6 of its levels.

You collected 292 gold pieces.

Inventory:

Hand Weapons
 a - a +1 war axe (weapon)
 c - a +0 scythe of flaming
 h - a +1 whip of electrocution
Missiles
 s - 5 tomahawks (quivered)
Armour
 b - a +0 scale mail (worn)
 o - a +1 helmet of see invisible (worn)
 z - a +0 plate armour
Jewellery
 g - a ring of flight (left hand)
 G - an amulet of clarity (around neck)
Wands
 d - a wand of fireball (3)
 n - a wand of random effects (46)
 E - a wand of frost (19)
 F - a wand of enslavement (21)
Scrolls
 f - 2 scrolls of remove curse
 w - a scroll of random uselessness
 y - a scroll of teleportation {unknown}
Potions
 k - a potion of ambrosia
 l - a potion of poison {unknown}
 q - a potion of invisibility {unknown}
 r - a potion of magic {unknown}
 t - a potion of mutation {unknown}
 u - a potion of brilliance {unknown}
 A - 2 potions of heal wounds {unknown}
 C - a potion of haste {unknown}
Books
 m - a book of the Earth

   Spells                             Type                      Level
   a - Leda's Liquefaction            Hexes/Earth                  4
   b - Bolt of Magma                  Conjuration/Fire/Earth       5
   c - Statue Form                    Transmutation/Earth          6
   d - Iron Shot                      Conjuration/Earth            6
   e - Shatter                        Earth                        9
Comestibles
 e - 3 bread rations
 i - a slice of pizza
 p - 3 meat rations
 v - 6 chunks of flesh
 x - a beef jerky
 D - 3 fruits


   Skills:
 + Level 7.8 Fighting
 * Level 11.3 Axes
 + Level 5.4 Armour
   Level 3.2 Shields
 + Level 2.6 Evocations


You had 8 spell levels left.
You didn't know any spells.

Dungeon Overview and Level Annotations

Branches:
Dungeon (6/15)
 Temple: D:4-7

Altars:
Ashenzari
Nemelex Xobeh
Qazlal
Vehumet

Shops:
D:5 =


Message History

* * * LOW HITPOINT WARNING * * *
Quiver which item? (- for none, * to show all) (? for menu, Esc to quit)
Okay, then.
Drink which item? (? for menu, Esc to quit)
You feel better.
The skeletal warrior hits you but does no damage.
Read which item? (? for menu, Esc to quit)
Okay, then.
Read which item? (? for menu, Esc to quit)
Okay, then.
Evoke which item? (* to show all) (? for menu, Esc to quit)
Zapping:
n - a wand of random effects {recharged} (will waste charges)
Press: ? - help, Shift-Dir - straight line, f - skeletal warrior
Aim: a skeletal warrior, wielding a war axe (lightly damaged)
You hear a mighty clap of thunder!
The bolt of lightning hits the skeletal warrior.
The skeletal warrior is moderately damaged.
Evoking this partially-identified wand wasted a few charges.
The skeletal warrior hits you with a war axe!
You die...

##########
#........########
#........#......#
#........#......#
#........#......#
#........#......#
#........#...@..#
####........#..z..##
............'.....#
....))......#.....#
....#########.....##
..).# #.........#
....# #.........#
....# #.........#
....# #.........#


You could see a skeletal warrior.

Vanquished Creatures
  The ghost of unimpressed the Thaumaturge, a novice DEFE (D:6)
  Grinder (D:6)
  Sigmund (D:4)
  The ghost of Softman25 the Cudgeler, an amateur DsBe of Trog (D:4)
  Edmund (D:4)
  A centaur (D:5)
  An ogre (D:5)
  A giant frog (D:6)
  A scorpion (D:5)
  A crimson imp (D:6)
  A giant frog zombie (D:5)
  Ijyb (D:2)
  An orc wizard (D:5)
  7 worker ants
  A worker ant zombie (D:5)
  8 adders
  4 gnolls (D:6)
  An ooze (D:1)
  3 worms
  5 giant geckos
  3 orcs
  6 giant cockroaches
  4 goblins
  14 hobgoblins
  12 jackals
  11 kobolds
  8 bats
  2 giant newts
  A jackal skeleton (D:4)
  3 quokkas
  13 rats
119 creatures vanquished.

Notes
Turn   | Place    | Note
--------------------------------------------------------------
     0 | D:1      | Svalin the Hill Orc Fighter began the quest for the Orb.
     0 | D:1      | Reached XP level 1. HP: 19/19 MP: 1/1
   147 | D:1      | Reached XP level 2. HP: 24/26 MP: 2/2
   190 | D:1      | Reached skill level 4 in Axes
   651 | D:1      | Reached XP level 3. HP: 29/31 MP: 3/3
  1306 | D:2      | Reached skill level 5 in Axes
  1700 | D:2      | Reached XP level 4. HP: 35/39 MP: 4/4
  1708 | D:2      | Noticed Ijyb
  1719 | D:2      | Killed Ijyb
  1719 | D:2      | Reached skill level 6 in Axes
  2539 | D:3      | Reached XP level 5. HP: 45/45 MP: 5/5
  2882 | D:3      | Found a shattered altar of Ashenzari.
  2898 | D:3      | Reached skill level 7 in Axes
  3494 | D:4      | Noticed Sigmund
  3532 | D:4      | Killed Sigmund
  3532 | D:4      | Reached skill level 5 in Fighting
  3532 | D:4      | Reached skill level 8 in Axes
  3532 | D:4      | Reached XP level 6. HP: 23/56 MP: 6/6
  3784 | D:4      | Noticed Softman25's ghost (amateur DsBe)
  3794 | D:4      | Noticed Edmund
  3794 | D:4      | Killed Softman25's ghost
  3794 | D:4      | Reached XP level 7. HP: 60/62 MP: 7/7
  3817 | D:4      | Killed Edmund
  4221 | D:4      | Reached skill level 9 in Axes
  4645 | D:5      | Entered Level 5 of the Dungeon
  4869 | D:5      | Reached XP level 8. HP: 36/71 MP: 8/8
  5177 | D:5      | Found a sparkling altar of Nemelex Xobeh.
  5427 | D:5      | Found Ebloy's Jewellery Shop.
  5807 | D:5      | Reached skill level 10 in Axes
  5859 | D:6      | Found a radiant altar of Vehumet.
  5985 | D:6      | Noticed unimpressed's ghost (novice DEFE)
  5990 | D:6      | Noticed Grinder
  5997 | D:6      | Killed unimpressed's ghost
  5997 | D:6      | Reached skill level 1 in Evocations
  5999 | D:6      | Paralysed by Grinder for 2 turns
  6349 | D:6      | Paralysed by Grinder for 2 turns
  6352 | D:6      | Killed Grinder
  6352 | D:6      | Reached skill level 11 in Axes
  6352 | D:6      | Reached skill level 5 in Armour
  6352 | D:6      | Reached XP level 9. HP: 70/80 MP: 10/10
  6648 | D:6      | Found a stormy altar of Qazlal.
  6882 | D:6      | Noticed a skeletal warrior
  6885 | D:6      | Noticed a skeletal warrior
  6899 | D:6      | Noticed a skeletal warrior
  6949 | D:5      | Slain by a skeletal warrior

Action                   |  1- 3 |  4- 6 |  7- 9 || total
-------------------------+-------+-------+-------++-------
Melee: War axe           |    96 |   159 |   147 ||   402
       Whip              |       |     4 |    19 ||    23
Throw: Tomahawk          |       |       |     8 ||     8
Evoke: Wand              |       |       |     6 ||     6
  Use: Scroll            |       |     5 |     8 ||    13
       Potion            |       |     1 |     2 ||     3
  Eat: Chunk             |     3 |     6 |    10 ||    19
